 Dungeon Crawl Stone Soup version 0.28.0-53-g5a82cb258f (webtiles) character file.

Game seed: 13133531397474293573

1240 nickcage the Destroyer (level 8, -5/41 HPs)
             Began as a Deep Elf Conjurer on June 27, 2022.
             Killed from afar by an acid dragon (26 damage)
             ... with a splash of acid
             ... on level 6 of the Dungeon.
             The game lasted 00:13:58 (6029 turns).

nickcage the Destroyer (Deep Elf Conjurer)          Turns: 6029, Time: 00:13:59

Health: -5/41      AC:  0    Str:  4    XL:     8   Next: 25%
Magic:  16/20      EV: 12    Int: 26    God:
Gold:   238        SH:  0    Dex: 13    Spells: 8/20 levels left

rFire   . . .      SeeInvis .   r - +1 dagger (protect)
rCold   . . .      Faith    .   v - orb {*channel}
rNeg    . . .      Spirit   .   a - +0 robe
rPois   .          Reflect  .   (no helmet)
rElec   .          Harm     .   n - +1 cloak
rCorr   .          Rampage  .   (no gloves)
Will    .....                   (no boots)
Stlth   ++........              (no amulet)
HPRegen 0.13/turn               (no ring)
MPRegen 0.17/turn               (no ring)

@: corroded
A: no striking features
a: no special abilities


You were on level 6 of the Dungeon.
You visited 1 branch of the dungeon, and saw 6 of its levels.

You collected 238 gold pieces.

Inventory:

Hand Weapons
 d - a +0 dagger
 r - a +1 dagger of protection (weapon)
Missiles
 y - 2 throwing nets
Armour
 a - a +0 robe (worn)
 n - a +1 cloak (worn)
 v - an orb of energy (worn)
Magical Staves
 o - a staff of cold
Scrolls
 b - 2 scrolls of blinking
 c - 4 scrolls of teleportation
 e - a scroll of holy word
 g - a scroll of enchant armour
 i - a scroll of magic mapping
Potions
 f - 2 potions of mutation {unknown}
 k - 2 potions of degeneration {unknown}
 m - 3 potions of lignification
 p - 3 potions of berserk rage
 q - a potion of resistance {unknown}
 s - a potion of heal wounds {unknown}
 t - a potion of curing
 x - a potion of haste {unknown}


   Skills:
 - Level 2.4 Dodging
 - Level 2.4 Stealth
 + Level 6.9 Spellcasting
 * Level 9.4 Conjurations
 * Level 4.0 Hexes
 * Level 2.9 Translocations


You had 8 spell levels left.
You knew the following spells:

 Your Spells              Type           Power      Damage    Failure   Level
a - Magic Dart            Conj           100%       1d8       1%          1
b - Searing Ray           Conj           100%       2d8       1%          2
c - Fulminant Prism       Conj/Hex       21%        3d13      4%          4
d - Iskenderun's Mystic   Conj/Tloc      41%        2d9       4%          4
e - Slow                  Hex            100%       N/A       1%          1

Your spell library contained the following spells:

 Spells                   Type           Power      Damage    Failure   Level
 Dazzling Flash           Conj/Hex       86%        N/A       1%          3
 Confusing Touch          Hex            29%        N/A       3%          3
 Vampiric Draining        Necr           8%         2d6       19%         3


Dungeon Overview and Level Annotations

Branches:
Dungeon (6/15)
 Temple: D:4-7

Altars:
Cheibriados
Kikubaaqudgha
Qazlal


Message History

A fulminant prism comes into view.
The magic dart hits the gnoll.
The gnoll is moderately wounded.
Your fulminant prism crackles loudly.
The magic dart hits the gnoll.
The gnoll is severely wounded.
Your fulminant prism explodes!
The blast of energy engulfs the gnoll!
You kill the gnoll!
The blast of energy engulfs the gnoll!!
You kill the gnoll!
You hear a splash. x2
The blast of energy engulfs the gnoll!!
You kill the gnoll!
You hear a bark!
You hear a shout!
Your Hexes skill increases to level 4!
The magic dart hits the gnoll but does no damage.
The magic dart hits the gnoll but does no damage.
The magic dart hits the gnoll.
The gnoll is moderately wounded.
The searing ray hits the gnoll!
You kill the gnoll! (Press . to maintain the ray.)
An acid dragon comes into view.
You see here 2 atropa-tipped darts.
You start resting.
An acid dragon is nearby!
The searing ray hits the acid dragon.
The acid dragon is lightly wounded. (Press . to maintain the ray.)
The acid dragon spits acid at you. The splash of acid hits you!!
The acid corrodes you!
The searing ray hits the acid dragon!
The acid dragon is heavily wounded.
The searing ray hits the acid dragon!
The acid dragon is almost dead.
The acid dragon spits acid at you. The splash of acid hits you!!
Ouch! That really hurt!
You die...

### .. #.. .....
#..###≈. ≈ #.#...#
≈# #.#.⌠.#≈≈# ⌠
#.#...#≈≈#..
#########..###≈≈≈≈##
#....@(.D....≈≈≈≈≈≈.
#.#######....≈≈≈≈≈≈.
#<# #..###≈≈≈≈## #.#
#.#.. ≈≈#.. #.#
#.#.).# ≈# #.#
#.#..)# # #.#
#..###D) #.# #.. D..
#.# ### ..


You could see an acid dragon (catching breath).

Vanquished Creatures
  A necrophage (D:5)
  A sky beast (D:5)
  An ice beast (D:5)
  An ogre (D:5)
  A black bear (D:5)
  A centaur (D:5)
  A bullfrog (D:4)
  3 scorpions
  A water moccasin skeleton (D:4)
  3 hounds
  An orc priest (D:5)
  Crazy Yiuf (D:3)
  2 iguanas
  An orc wizard (D:5)
  A killer bee zombie (D:5)
  8 gnolls
  6 adders
  A shadow imp (D:5)
  A worm (D:4)
  7 orcs
  4 ball pythons
  An endoplasm (D:3)
  4 giant cockroaches (D:2)
  7 goblins
  4 hobgoblins
  6 jackals
  6 kobolds
  2 quokkas
  6 bats
  2 frilled lizards
  7 rats
92 creatures vanquished.

Vanquished Creatures (others)
  4 fulminant prisms
4 creatures vanquished.

Grand Total: 96 creatures vanquished

Notes
Turn   | Place    | Note
-------+----------+-------------------------------------------
     0 | D:1      | nickcage the Deep Elf Conjurer began the quest for the Orb.
     0 | D:1      | Reached XP level 1. HP: 10/10 MP: 6/6
   193 | D:1      | Reached XP level 2. HP: 15/15 MP: 4/8
   197 | D:1      | Learned a level 2 spell: Searing Ray
   346 | D:1      | Reached skill level 5 in Conjurations
  1209 | D:2      | Reached XP level 3. HP: 19/19 MP: 4/9
  2187 | D:3      | Reached skill level 6 in Conjurations
  2305 | D:3      | Reached XP level 4. HP: 24/24 MP: 9/11
  2310 | D:3      | Learned a level 4 spell: Fulminant Prism
  2594 | D:3      | Found a runed translucent door.
  2595 | D:3      | Noticed Crazy Yiuf
  2604 | D:3      | Killed Crazy Yiuf
  3015 | D:3      | Reached skill level 1 in Hexes
  3114 | D:4      | Reached XP level 5. HP: 19/28 MP: 4/12
  3119 | D:4      | Learned a level 4 spell: Iskenderun's Mystic Blast
  3277 | D:4      | Reached skill level 7 in Conjurations
  3282 | D:4      | Reached XP level 6. HP: 32/32 MP: 0/14
  3384 | D:4      | Reached skill level 1 in Translocations
  4080 | D:4      | Learned a level 1 spell: Slow
  4091 | D:5      | Entered Level 5 of the Dungeon
  4158 | D:5      | Reached skill level 5 in Spellcasting
  4257 | D:5      | Reached XP level 7. HP: 35/36 MP: 11/16
  4311 | D:5      | Reached skill level 8 in Conjurations
  4721 | D:5      | Found a snail-covered altar of Cheibriados.
  5068 | D:5      | Found an ancient bone altar of Kikubaaqudgha.
  5068 | D:5      | Found a stormy altar of Qazlal.
  5096 | D:5      | Reached skill level 9 in Conjurations
  5096 | D:5      | Reached XP level 8. HP: 41/41 MP: 11/19
  5208 | D:5      | Identified the +0 pair of gloves "Asegelos" {rN++ Will-}
  6029 | D:6      | Killed from afar by an acid dragon

Illustrated notes

Levels and vault maps discovered:
D:1:      lightli_arrival_lavapool, layout_loops_ring
D:2:      layout_basic, minmay_worlds_worst_comb
D:3:      layout_basic, uniq_crazy_yiuf_cottage
D:4:      layout_rooms
D:5:      black_bear_nest_2, layout_basic, nicolae_overflow_hidden_temple,
          chequers_serial_rivers_micro_d, kennysheep_generic_room_8
D:6:      layout_loops_ring, minmay_temple_entry_from_below_a, serial_shops,
          nicolae_shop_waterfront, kennysheep_path_1, st_stairs_9,
          nicolae_shop_fire_sale [nicolae_sub_dead_trees],
          mrwooster_statue_mirror, small_statue_intersection, fountainhead,
          minmay_between

Skill      XL: |  1  2  3  4  5  6  7  8 |
---------------+-------------------------+-----
Conjurations   | 5 6 7 9 |  9.4
Hexes          | 1 2 3 4 |  4.0
Spellcasting   | 4 5 6 |  6.9
Translocations | 1 2 |  2.9
Dodging        | |  2.4
Stealth        | |  2.4

Action                   |  1- 3 |  4- 6 |  7- 9 || total
-------------------------+-------+-------+-------++-------
Melee: Dagger            |       |       |     2 ||     2
 Cast: Magic Dart        |    67 |    52 |    28 ||   147
       Searing Ray       |       |    14 |    14 ||    28
       Fulminant Prism   |       |       |     4 ||     4
  Use: Scroll            |       |       |    11 ||    11
Armor: Robe              |     2 |       |     5 ||     7
Dodge: Dodged            |     3 |     2 |     9 ||    14
